 Dungeon Crawl Stone Soup version 0.28-a0-1396-gdcb3f3653b (webtiles) character file.

Game seed: 14717992710294954661

149 MacCMillion the Skirmisher (level 5, -11/42 HPs)
             Began as a Demonspawn Fighter on Jan 5, 2022.
             Killed by divine providence
             ... invoked by an orc priest
              (12 damage)
             ... on level 3 of the Dungeon.
             The game lasted 00:08:25 (2721 turns).

MacCMillion the Skirmisher (Demonspawn Fighter)     Turns: 2721, Time: 00:08:25

Health: -11/42     AC:  8    Str: 19    XL:     5   Next: 9%
Magic:  5/5        EV:  9    Int:  9    God:
Gold:   97         SH:  8    Dex: 12    Spells: 4/4 levels left

rFire   . . .      SeeInvis .   a - +0 rapier
rCold   . . .      Faith    .   c - +0 buckler
rNeg    . . .      Spirit   .   b - +0 scale mail
rPois   .          Reflect  .   (no helmet)
rElec   .          Harm     .   (no cloak)
rCorr   .          Rampage  .   (no gloves)
Will    .....                   (no boots)
Stlth   ..........              (no amulet)
HPRegen 0.14/turn               (no ring)
MPRegen 0.09/turn               (no ring)

@: no status effects
A: hooves 1, yellow scales 1, condensation shield
a: no special abilities


You were on level 3 of the Dungeon.
You visited 1 branch of the dungeon, and saw 3 of its levels.

You collected 97 gold pieces.

Inventory:

Hand Weapons
 a - a +0 rapier (weapon)
Armour
 b - a +0 scale mail (worn)
 c - a +0 buckler (worn)
 e - an orb of energy
Scrolls
 f - a scroll of noise {unknown}
 g - 3 scrolls of identify {unknown}
 h - a scroll of amnesia {unknown}
 k - 2 scrolls of enchant weapon {unknown}
 l - a scroll of silence {unknown}
Potions
 d - a potion of might
 i - a potion of attraction {unknown}
 j - a potion of heal wounds {unknown}


   Skills:
 + Level 3.8 Fighting
 + Level 2.8 Short Blades
 + Level 3.5 Armour
 + Level 3.4 Shields


You had 4 spell levels left.
You didn't know any spells.
Your spell library contained the following spells:

 Spells                   Type           Power      Damage    Failure   Level
 Slow                     Hex            0%         N/A       77%         1
 Sublimation of Blood     Necr           0%         N/A       88%         2
 Wereblood                Tmut           0%         N/A       88%         2
 Confusing Touch          Hex            0%         N/A       98%         3
 Vampiric Draining        Necr           0%         2d6       98%         3
 Summon Hydra             Summ           0%         N/A       100%        7


Dungeon Overview and Level Annotations

Branches:
Dungeon (3/15)

Altars:

Shops:
D:1 :


Innate Abilities, Weirdness & Mutations

You have large cloven feet.
You are partially covered in yellow scales. (AC +2)
A meltable shield of frost defends you. (SH +4)


Message History

The gnoll hits you with a +0 spear. You block the orc priest's attack.
The gnoll hits you but does no damage. The orc hits you with a +0 whip.
You block the orc's attack.
Unknown command.
You hit the orc priest but do no damage.
You kick the orc priest, but do no damage.
The orc priest is moderately wounded.
The gnoll barely misses you.
The orc priest hits you with a +0 short sword.
The orc hits you but does no damage.
The gnoll hits you from afar with a +0 spear.
The orc hits you with a +0 short sword.
The gnoll hits you from afar with a +0 spear.
You block the orc priest's attack.
You barely miss the orc priest.
You kick the orc priest, but do no damage.
The orc priest is moderately wounded.
The gnoll misses you. The gnoll hits you but does no damage.
The orc priest calls down the wrath of Beogh upon you.
Pain shoots through your body! The orc hits you with a +0 whip.
The gnoll hits you from afar with a +0 spear.
* * * LOW HITPOINT WARNING * * *
You hit the orc priest. You kick the orc priest.
The orc priest is heavily wounded.
The gnoll hits you from afar with a +0 spear.
* * * LOW HITPOINT WARNING * * *
The orc barely misses you.
The gnoll hits you from afar with a +0 spear.
* * * LOW HITPOINT WARNING * * *
A jackal comes into view.
The jackal barks!
The orc priest hits you with a +0 short sword.
* * * LOW HITPOINT WARNING * * *
Unknown command.
You hit the orc priest but do no damage.
The orc priest is heavily wounded.
You block the orc's attack.
The orc priest invokes the aid of Beogh against you.
Beogh smites you!
You die...

#.........##..........#
........................
≈h≈≈≈....≈≈≈≈≈≈≈≈≈≈≈≈≈≈≈
≈≈≈≈≈≈....≈≈≈≈≈≈≈≈≈≈≈≈≈≈≈
≈≈≈≈≈≈≈....≈≈≈≈≈≈≈≈≈≈≈≈#
....................#
####''''#############
#....####### +..@.'.....+
#.ooo####### ##g'##
....gKggo......
......ogo..o...
.......g.......
...............
######++#######


You could see a kobold brigand, an orc priest, 5 gnolls, 5 orcs and a jackal.

Vanquished Creatures
  An iguana (D:2)
  A gnoll (D:1)
  4 adders
  3 worms (D:2)
  2 dart slugs (D:2)
  3 orcs (D:3)
  9 ball pythons
  3 endoplasms
  2 giant cockroaches (D:1)
  3 goblins
  5 hobgoblins
  3 jackals (D:3)
  9 kobolds
  4 quokkas
  2 frilled lizards
  9 rats
63 creatures vanquished.

Notes
Turn   | Place    | Note
-------+----------+-------------------------------------------
     0 | D:1      | MacCMillion the Demonspawn Fighter began the quest for the
                  | Orb.
     0 | D:1      | Reached XP level 1. HP: 18/18 MP: 1/1
    36 | D:1      | Gained mutation: You are partially covered in yellow
                  | scales. (AC +2) [demonic ancestry]
    36 | D:1      | Reached XP level 2. HP: 16/24 MP: 2/2
   388 | D:1      | Found a faded altar of an unknown god.
   616 | D:1      | Found Haxuiq's Book Emporium.
   653 | D:1      | Gained mutation: You have large cloven feet. [demonic
                  | ancestry]
   653 | D:1      | Reached XP level 3. HP: 26/29 MP: 3/3
  1119 | D:2      | Gained mutation: A meltable shield of frost defends you.
                  | (SH +4) [demonic ancestry]
  1119 | D:2      | Reached XP level 4. HP: 35/35 MP: 4/4
  2502 | D:3      | Reached XP level 5. HP: 42/42 MP: 5/5
  2720 | D:3      | HP: 1/42 [orc priest (5)]
  2721 | D:3      | Killed from afar by an orc priest

Illustrated notes

Levels and vault maps discovered:
D:1:      wander_arrival_lonely_grave, layout_basic, serial_shops,
          nicolae_diamond_shop, ebering_ecumenical_altar_webs
D:2:      layout_loops_ring, serial_rivers, chequers_serial_rivers_micro_e,
          chequers_serial_rivers_room_b, chequers_serial_rivers_room_b,
          chequers_serial_rivers_small_3
D:3:      lemuel_castle_with_subvaults [lemuel_castle_interior_original],
          layout_loops_cross, serial_shops, nicolae_lakefront_shop,
          grunt_ministairs_5, minivault_5

Skill      XL: |  1  2 |
---------------+-------+-----
Short Blades   | 2 |  2.8
Armour         | 3 |  3.5
Shields        | 3 |  3.4
Fighting       | |  3.8

Action                   |  1- 3 |  4- 6 || total
-------------------------+-------+-------++-------
Melee: Rapier            |    77 |    96 ||   173
       Kick              |     6 |    29 ||    35
Armor: Scale mail        |    25 |    24 ||    49
Dodge: Dodged            |    29 |    26 ||    55
Block: Buckler           |    19 |    36 ||    55

Table legend: (Time is in decaauts)
 A = Elapsed time spent in this place.
 B = Non-inter-level travel time spent in this place.
 C = Inter-level travel time spent in this place.
 D = Time resting spent in this place.
 E = Time spent auto-exploring this place.
 F = Levels seen in this place.
 G = Mean time per level.
                   A        B        C        D        E       F      G
               +--------+--------+--------+--------+--------+-----+--------+
         Total |   2749 |   2597 |    152 |    211 |   1798 |   3 |  916.3 |
       Dungeon |   2749 |   2597 |    152 |    211 |   1798 |   3 |  916.3 |
               +--------+--------+--------+--------+--------+-----+--------+

Top non-repeatable levels by time:
     D:2: 1453 daAuts
     D:1: 899 daAuts
     D:3: 397 daAuts
